 Dungeon Crawl Stone Soup version 0.22-a0-392-g5dc3fd9 (webtiles) character file.

235 Falco the Vandal (level 6, -19/47 HPs)
             Began as a Formicid Hunter on May 2, 2018.
             Demolished by an ogre
             ... wielding a +0 giant spiked club
              (39 damage)
             ... on level 4 of the Dungeon.
             The game lasted 00:10:50 (2145 turns).

Falco the Vandal (Formicid Hunter)                  Turns: 2145, Time: 00:10:50

Health: -19/47     AC:  3    Str: 17    XL:     6   Next: 26%
Magic:  2/2        EV:  7    Int: 10    God:
Gold:   117        SH: 13    Dex: 13    Spells: 4/5 levels left

rFire    . . .     SeeInvis +   a - +1 dagger (antimagic)
rCold    . . .     Gourm    .   q - +2 large shield
rNeg     . . .     Faith    .   c - +0 leather armour
rPois    +         Spirit   .   (helmet unavailable)
rElec    .         Reflect  .   (no cloak)
rCorr    .         Harm     +   (no gloves)
MR       .....                  (no boots)
Stlth    ++........             s - amulet of harm
HPRegen  0.15/turn              g - ring of poison resistance
MPRegen  0.08/turn              (no ring)

@: no status effects
A: permanent stasis, dig shafts and tunnels, four strong arms, antennae 3
a: Dig, Shaft Self


You were on level 4 of the Dungeon.
You were not hungry.

You visited 1 branch of the dungeon, and saw 4 of its levels.

You collected 117 gold pieces.

Inventory:

Hand Weapons
 a - a +1 antimagic dagger (weapon)
 b - a +2 hunting sling
 n - a +0 short sword
 p - a +0 hunting sling
Missiles
 i - 118 stones (quivered)
Armour
 c - a +0 leather armour (worn)
 q - a +2 large shield (worn)
 t - a +0 chain mail
Jewellery
 g - a ring of poison resistance (left hand)
 s - an amulet of harm (around neck)
Scrolls
 j - a scroll of remove curse
Potions
 e - a potion of heal wounds {unknown}
 h - a potion of magic {unknown}
 k - a potion of lignification {unknown}
 l - a potion of mutation {unknown}
 m - a potion of flight {unknown}
 o - 2 potions of degeneration {unknown}
 u - a potion of haste {unknown}
Comestibles
 f - 5 rations


   Skills:
 + Level 3.1 Fighting
 + Level 1.1 Short Blades
 + Level 6.6 Slings
 + Level 2.0 Armour
 + Level 2.0 Dodging
 + Level 1.4 Stealth
 + Level 0.5 Shields


You had 4 spell levels left.
You knew the following spells:

 Your Spells              Type           Power        Failure   Level  Hunger
a - Magic Dart            Conj           #...         100%        1    ##.....


Dungeon Overview and Level Annotations

Branches:
Dungeon (4/15)
 Temple: D:4-7

Altars:
Kikubaaqudgha
Sif Muna
Vehumet


Innate Abilities, Weirdness & Mutations

You cannot be hasted, slowed, berserked, paralysed or teleported.
You can dig through walls and to a lower floor.
Your four strong arms can wield two-handed weapons with a shield.
You have a pair of large antennae on your head. (SInv)


Message History

You block the ogre's attack.
You hit the ogre.
The ogre is heavily wounded.
The ogre hits you with a giant spiked club!
* * * LOW HITPOINT WARNING * * *
It was a potion of curing.
You feel better.
You feel better.
The ogre hits you with a giant spiked club!
You feel better.
The ogre hits you with a giant spiked club!
You hit the ogre.
The ogre is heavily wounded.
The ogre barely misses you.
You hit the ogre.
The ogre is severely wounded.
You hit the ogre.
The ogre is severely wounded.
The ogre hits you with a giant spiked club!!
Ouch! That really hurt!
You die...

.(# ..# (..
#.# #s# #.#
#(#########
#sO@.<....#
#.#########
#.# #$# #..
..# ###


You could see an ogre and a giant cockroach.

Vanquished Creatures
  A howler monkey (D:4)
  A worker ant (D:4)
  10 adders
  5 worms
  5 orcs (D:3)
  3 giant cockroaches
  8 goblins
  3 hobgoblins
  10 jackals
  4 kobolds
  8 bats
  3 frilled lizards
  7 rats
68 creatures vanquished.

Vanquished Creatures (others)
  4 toadstools (D:1)
4 creatures vanquished.

Grand Total: 72 creatures vanquished

Notes
Turn   | Place    | Note
-------+----------+-------------------------------------------
     0 | D:1      | Falco the Formicid Hunter began the quest for the Orb.
     0 | D:1      | Reached XP level 1. HP: 16/16 MP: 1/1
   209 | D:1      | Reached XP level 2. HP: 22/22 MP: 2/2
   523 | D:2      | Reached skill level 5 in Slings
   523 | D:2      | Reached XP level 3. HP: 27/27 MP: 3/3
   671 | D:2      | Reached skill level 1 in Armour
   868 | D:2      | Reached XP level 4. HP: 33/33 MP: 4/4
  1257 | D:2      | Found an ancient bone altar of Kikubaaqudgha.
  1376 | D:2      | Found a deep blue altar of Sif Muna.
  1379 | D:2      | Found a radiant altar of Vehumet.
  1384 | D:2      | Identified Vehumet's Reference Book on Confrontation
  1446 | D:2      | Learned a level 1 spell: Magic Dart
  1607 | D:3      | Reached skill level 6 in Slings
  1607 | D:3      | Reached XP level 5. HP: 39/39 MP: 5/5
  2122 | D:4      | Reached skill level 1 in Short Blades
  2122 | D:4      | Reached XP level 6. HP: 47/47 MP: 3/6
  2127 | D:4      | Noticed an ogre
  2145 | D:4      | Demolished by an ogre

Vault maps used:
D:1:      ldierk_walled_garden_2
D:2:      grunt_temple_overflow_magic_moments, serial_bayou_ford_a
D:3:      first_ration
D:4:      nicolae_overflow_crystal_walls, nicolae_ru_awakened_eye

Skill      XL: |  1  2  3  4  5  6 |
---------------+-------------------+-----
Slings         | 5 6 |  6.6
Armour         | 1 2 |  2.0
Fighting       | 3 |  3.1
Short Blades   | 1 |  1.1
Dodging        | 2 |  2.0
Stealth        | |  1.4
Shields        | |  0.5

Action                   |  1- 3 |  4- 6 || total
-------------------------+-------+-------++-------
Melee: Short sword       |     5 |    54 ||    59
       Dagger            |       |     7 ||     7
 Fire: Hunting sling     |    53 |    82 ||   135
Throw: Stone             |       |     2 ||     2
  Use: Scroll            |     5 |     2 ||     7
       Potion            |       |     3 ||     3
  Eat: Ration            |       |     1 ||     1
Armor: Leather armour    |     2 |     5 ||     7
Dodge: Dodged            |     1 |    16 ||    17
Block: Large shield      |     5 |    38 ||    43

Table legend:
 A = Spawn XP
 B = Non-spawn XP
 C = Spawn XP percentage of total XP
 D = Spawn monster count
 E = Non-spawn monster count
 F = Spawn count percentage of total count
 G = Total turns spent on level
                    A         B        C        D         E        F      G
               +---------+---------+-------+---------+---------+-------+---------
         Total |       0 |     336 |   0.0 |       0 |      68 |   0.0 |  2145
               +---------+---------+-------+---------+---------+-------+---------
           D:1 |       0 |       9 |   0.0 |       0 |       6 |   0.0 |   430
           D:2 |       0 |     101 |   0.0 |       0 |      34 |   0.0 |  1018
           D:3 |       0 |     139 |   0.0 |       0 |      26 |   0.0 |   665
           D:4 |       0 |      87 |   0.0 |       0 |       2 |   0.0 |    32
               +---------+---------+-------+---------+---------+-------+---------
